 Dungeon Crawl Stone Soup version 0.31-a0-1610-g9787180 (webtiles) character file.

Game seed: 16645104841304786892

2290 PidgeyThePirate the Chopper (level 9, 0/74 HPs)
             Began as a Demonspawn Chaos Knight on Jan 8, 2024.
             Was a Plaything of Xom.
             Slain by a two-headed ogre
             ... wielding a +0 dire flail
              (14 damage)
             ... on level 6 of the Dungeon.
             The game lasted 00:14:33 (4013 turns).

PidgeyThePirate the Chopper (DsCK)                  Turns: 4013, Time: 00:14:34

Health: 0/74       AC:  7    Str: 14    XL:     9   Next: 17%
Magic:  9/9        EV: 10    Int: 15    God:    Xom [......]
Gold:   330        SH:  0    Dex: 13    Spells: 8/8 levels left

rFire   + . .        l - +1 hand axe (flame)
rCold   . . .        (no shield)
rNeg    + . .        j - +0 scale mail
rPois   .            (no helmet)
rElec   .            (no cloak)
rCorr   .            (no gloves)
SInv    .            (no boots)
Will    .....        g - amulet of regeneration Stlth
                     o - ring of protection from fire
HPRegen 1.92/turn    e - ring of positive energy
MPRegen 0.11/turn

%: no passive effects
@: no status effects
A: claws 1, hooves 2, demonic guardian 2, weakness stinger 2, regeneration 1,
robust 1
a: Renounce Religion


You were on level 6 of the Dungeon.
You worshipped Xom.
You were a very special plaything of Xom.
You visited 1 branch of the dungeon, and saw 6 of its levels.

You collected 330 gold pieces.

Inventory:

Hand Weapons
 a - a +0 hand axe of chaos
 l - a +1 hand axe of flaming (weapon)
 m - a +0 broad axe
Armour
 b - a +2 leather armour
 h - a +0 tower shield
 j - a +0 scale mail (worn)
Jewellery
 e - a ring of positive energy (right claw)
 g - an amulet of regeneration (around neck)
 o - a ring of protection from fire (left claw)
Wands
 p - a wand of flame (11)
 q - a wand of polymorph (18)
Scrolls
 f - a scroll of noise
 n - 3 scrolls of revelation
 r - 2 scrolls of amnesia {unknown}
 s - 2 scrolls of teleportation {unknown}
 t - a scroll of enchant armour {unknown}
 w - a scroll of vulnerability {unknown}
Potions
 d - a potion of curing


   Skills:
 + Level 5.3 Fighting
 + Level 7.2 Axes
 + Level 6.1 Armour
 + Level 3.3 Dodging
 + Level 1.5 Stealth
 * Level 3.6 Unarmed Combat


You had 8 spell levels left.
You didn't know any spells.
Your spell library contained the following spells:

 Spells                   Type           Power      Damage    Failure   Level
 Ensorcelled Hibernation  Hex/Ice        0%         N/A       83%         2
 Scorch                   Fire           0%         2d5       83%         2
 Fugue of the Fallen      Necr           0%         N/A       96%         3
 Tukima's Dance           Hex            0%         N/A       96%         3
 Volatile Blastmotes      Fire/Tloc      0%         2d10      96%         3
 Anguish                  Hex/Necr       0%         N/A       100%        4
 Dimensional Bullseye     Hex/Tloc       0%         N/A       100%        4
 Flame Wave               Conj/Fire      0%         2d4       100%        4
 Fulminant Prism          Conj/Alch      0%         3d5       100%        4
 Iskenderun's Mystic Bla  Conj/Tloc      0%         2d3       100%        4
 Olgreb's Toxic Radiance  Alch           0%         N/A       100%        4
 Summon Cactus Giant      Summ           0%         N/A       100%        6
 Ozocubu's Refrigeration  Ice            0%         4d7       100%        7
 Discord                  Hex            0%         N/A       100%        8


Dungeon Overview and Level Annotations

Branches:
Dungeon (6/15)             Temple (0/1) D:6

Altars:
Xom

Shops:
D:1 [   D:2 ?

Annotations:
D:6 Menkaure


Innate Abilities, Weirdness & Mutations

You have sharp fingernails.
You have hoof-like feet.
A demonic guardian rushes to your aid.
You have a tail ending in a sharp stinger.
Your natural rate of healing is unusually fast.
You are robust. (+10% HP)


Message History

Menkaure seems to speed up.
Aiming: Throw Flame
Press: ? - help, Shift-Dir - straight line, f - two-headed ogre
Aim: a two-headed ogre, wielding a +0 dire flail and a +0 giant spiked club (lightly wounded, 85% to hit)
The puff of flame hits the two-headed ogre!
The two-headed ogre is moderately wounded.
Menkaure shouts, "The sands of time shall wipe you from history!"
You hit the two-headed ogre. You burn the two-headed ogre.
You kick the two-headed ogre. You tail-slap the two-headed ogre.
The two-headed ogre is heavily wounded.
The two-headed ogre hits you with a +0 dire flail!
The two-headed ogre barely misses you.
You hit the two-headed ogre. You burn the two-headed ogre.
You kick the two-headed ogre, but do no damage.
You tail-slap the two-headed ogre, but do no damage.
The two-headed ogre is severely wounded.
You barely miss the two-headed ogre. You kick the two-headed ogre.
Your tail-slap misses the two-headed ogre.
The two-headed ogre is severely wounded.
The two-headed ogre barely misses you.
The two-headed ogre hits you with a +0 giant spiked club!!
You slash the two-headed ogre! You burn the two-headed ogre.
You kick the two-headed ogre. You tail-slap the two-headed ogre.
The two-headed ogre is almost dead.
You hit the two-headed ogre. You burn the two-headed ogre.
The two-headed ogre is almost dead.
The two-headed ogre hits you with a +0 dire flail!!
* * * LOW HITPOINT WARNING * * *
The two-headed ogre hits you with a +0 giant spiked club!!
* * * LOW HITPOINT WARNING * * *
Menkaure calls on the powers of darkness!
The gnoll convulses!
Something is bathed in an unholy light!
The orc warrior convulses!
The iguana convulses!
You feel a surge of unholy energy.
You feel better.
An orc comes into view. It is wielding a +0 war axe.
The two-headed ogre barely misses you.
The two-headed ogre hits you with a +0 giant spiked club!
You die...
Xom chuckles heartily!

.........####.#.bb###.b§###...###
............#...b.bb§§8b§.b.)..#.
.........##.#)#...###§W§###.[....
#...........#.#..##b§#§#'.##).##.
#......######.#.##5bl#.#...##.##.
#.............#.#bbb##.##...#.##.
#.....))#######.#Ob##...##.!#.##.
#.....).# #.####Mgo..####.##.
##'#'##.# #.@Olo5{........#..
#.#.##.#### ########.########..
#.#.......# #####.## #.....#
#......##.# #......# ##.#..#
#########.# #.####.# #.#..# #.#
#.# #.# #.#... #.# #.# #.# #.#...
#.#######.# #.# #.....
#.........# #.# ##....


You could see a two-headed ogre, an orc warrior, Menkaure (fast), an iguana, a
gnoll, a white imp and an orc.

Vanquished Creatures
  A steam dragon (D:6)
  Duvessa (D:5)
  The ghost of squeakweiz the Chopper, an amateur MiFi (D:3)
  2 black bears (D:5)
  An ice beast (D:5)
  An ogre (D:6)
  3 phantoms
  2 scorpions
  Dowan (D:5)
  A howler monkey (D:5)
  A bombardier beetle (D:5)
  A quasit (D:4)
  3 orc priests
  3 jellies
  3 hounds
  Jessica (D:3)
  Natasha (thrice) (D:2)
  An iguana (D:6)
  4 orc wizards
  Terence (D:3)
  9 adders
  4 gnolls
  5 shadow imps
  A white imp (D:5)
  3 ufetubi
  4 ribbon worms
  2 dart slugs
  23 orcs
  12 endoplasms
  4 giant cockroaches
  11 goblins
  7 hobgoblins
  4 jackals
  6 quokkas
  7 ball pythons
  4 bats
  2 frilled lizards (D:3)
  4 kobolds
  3 rats
150 creatures vanquished.

Vanquished Creatures (collateral kills)
  An orc warrior (D:6)
  A phantom (D:6)
  A bullfrog (D:6)
  A sleepcap (D:5)
  An orc wizard (D:5)
  A gnoll (D:5)
  A white imp (D:6)
  4 orcs
  A hobgoblin (D:4)
12 creatures vanquished.

Grand Total: 162 creatures vanquished

Notes
Turn   | Place    | Note
-------+----------+-------------------------------------------
     0 | D:1      | PidgeyThePirate the Demonspawn Chaos Knight began the quest
                  | for the Orb.
     0 | D:1      | Reached XP level 1. HP: 18/18 MP: 1/1
    99 | D:1      | Reached skill level 3 in Axes
   130 | D:1      | Discovered your monstrous ancestry.
   130 | D:1      | Gained mutation: You have large cloven feet. [demonic
                  | ancestry]
   130 | D:1      | Reached XP level 2. HP: 24/24 MP: 2/2
   179 | D:1      | Reached skill level 1 in Dodging
   448 | D:1      | XOM: divination: detect creatures
   457 | D:1      | Found Coosuab's Armour Emporium.
   747 | D:2      | Gained mutation: You have a small tail. [demonic ancestry]
   747 | D:2      | Reached XP level 3. HP: 29/29 MP: 3/3
   816 | D:2      | Noticed Natasha
   818 | D:2      | Killed Natasha
   819 | D:2      | Reached XP level 4. HP: 35/35 MP: 4/4
   828 | D:2      | Found Quabuj's Magic Scroll Shop.
   877 | D:2      | XOM: scenery: create altars
   892 | D:2      | XOM: scenery: create altars
  1082 | D:2      | Noticed Natasha
  1084 | D:2      | XOM: cleaving
  1097 | D:2      | Killed Natasha
  1098 | D:2      | Reached skill level 4 in Axes
  1193 | D:2      | Gained mutation: You have hoof-like feet. [demonic
                  | ancestry]
  1193 | D:2      | Reached XP level 5. HP: 41/41 MP: 5/5
  1214 | D:2      | Noticed Natasha
  1215 | D:2      | XOM: cleaving
  1222 | D:2      | Killed Natasha
  1278 | D:2      | XOM: scenery: summon butterflies
  1489 | D:2      | XOM: cloud trail
  1527 | D:3      | Noticed Terence
  1547 | D:3      | Killed Terence
  1704 | D:3      | Found a runed translucent door.
  1728 | D:3      | Noticed squeakweiz's ghost (amateur MiFi)
  1759 | D:3      | Noticed Jessica
  1763 | D:3      | XOM: smoke on damage
  1767 | D:3      | Killed Jessica
  1813 | D:3      | Found a faded altar of an unknown god.
  2062 | D:3      | XOM: summons 2 hostile shadow creatures
  2266 | D:3      | XOM: confusion (+ monsters)
  2267 | D:3      | Gained mutation: You have a somewhat thin skeletal
                  | structure. (Dex +2, Stealth+) [potion of mutation]
  2267 | D:3      | Gained mutation: You have a pair of small horns on your
                  | head. [potion of mutation]
  2280 | D:3      | Killed squeakweiz's ghost
  2281 | D:3      | Gained mutation: A weak demonic guardian rushes to your
                  | aid. [demonic ancestry]
  2281 | D:3      | Reached XP level 6. HP: 48/48 MP: 6/6
  2348 | D:4      | Reached skill level 5 in Axes
  2943 | D:5      | Entered Level 5 of the Dungeon
  2947 | D:5      | Gained mutation: You have sharp fingernails. [demonic
                  | ancestry]
  2947 | D:5      | Reached XP level 7. HP: 46/54 MP: 7/7
  2947 | D:5      | XOM: enchant monster (good)
  3032 | D:5      | Reached skill level 1 in Unarmed Combat
  3040 | D:5      | Reached skill level 1 in Stealth
  3044 | D:5      | XOM: confuse monster(s)
  3060 | D:5      | Reached skill level 6 in Axes
  3114 | D:5      | XOM: noise
  3188 | D:5      | Gained mutation: You have a tail ending in a sharp stinger.
                  | [demonic ancestry]
  3188 | D:5      | Reached XP level 8. HP: 48/61 MP: 8/8
  3192 | D:5      | Noticed Duvessa
  3196 | D:5      | XOM: confuse monster(s)
  3197 | D:5      | XOM: divination: detect items
  3197 | D:5      | Noticed Dowan
  3202 | D:5      | Lost mutation: You have a pair of small horns on your head.
                  | [potion of mutation]
  3202 | D:5      | Lost mutation: You have a somewhat thin skeletal structure.
                  | (Dex +2, Stealth+) [potion of mutation]
  3202 | D:5      | Gained mutation: Your natural rate of healing is unusually
                  | fast. [potion of mutation]
  3202 | D:5      | Gained mutation: You are robust. (+10% HP) [potion of
                  | mutation]
  3207 | D:5      | XOM: enchant monster (good)
  3211 | D:5      | XOM: god gift: 4 stones
  3213 | D:5      | Killed Duvessa
  3220 | D:5      | Killed Dowan
  3293 | D:5      | XOM: smoke on damage
  3302 | D:5      | XOM: polymorph iron imp -> quasit
  3306 | D:5      | Reached skill level 5 in Armour
  3309 | D:5      | XOM: god gift: potion of degeneration
  3557 | D:5      | XOM: god gift: 5 stones
  3652 | D:6      | XOM: cast spell 'Summon Horrible Things'
  3693 | D:6      | Reached skill level 5 in Fighting
  3929 | D:6      | XOM: cleaving
  3951 | D:6      | Noticed a two-headed ogre
  3963 | D:6      | Gained mutation: A demonic guardian rushes to your aid.
                  | [demonic ancestry]
  3963 | D:6      | Reached XP level 9. HP: 67/74 MP: 9/9
  3966 | D:6      | XOM: smoke on damage
  3969 | D:6      | XOM: summons friendly ufetubus
  3989 | D:6      | Reached skill level 7 in Axes
  3992 | D:6      | XOM: snakes to sticks
  3998 | D:6      | Noticed Menkaure
  4002 | D:6      | XOM: divination: detect items
  4012 | D:6      | HP: 3/74 [two-headed ogre/+0 dire flail (19)]
  4013 | D:6      | Slain by a two-headed ogre

Illustrated notes

Levels and vault maps discovered:
D:1:      lemuel_arrival_rhombus, layout_rooms, serial_shops,
          nicolae_shop_crystal
D:2:      layout_basic, serial_shops, shop, uniq_natasha
D:3:      layout_loops_ring, ebering_ghost_reflecting_pool,
          shapermc_ecumenical_altar_mp_urbaneastern, minmay_circle_x,
          uniq_jessica, uniq_terence
D:4:      layout_loops_cross, minivault_1, nrook_mini_vaults
D:5:      layout_cave_pools, serial_demonic, serial_demonic_b, serial_demonic_b,
          serial_demonic_a, serial_demonic_b, grunt_tough_drop, uniq_duvessa
D:6:      cheibrodos_barr_body, layout_basic, mainiacjoe_overflow_boulevard,
          minmay_temple_entry_overgrown, minmay_fractal_squares_gapless_5,
          uniq_menkaure

Skill      XL: |  1  2  3  4  5  6  7  8  9 |
---------------+----------------------------+-----
Axes           | 3 4 5 6 7 |  7.2
Dodging        | 1 2 3 |  3.3
Armour         | 2 3 4 5 6 |  6.1
Fighting       | 4 5 |  5.3
Unarmed Combat | 1 3 |  3.6
Stealth        | 1 |  1.5

Action                     |  1- 3 |  4- 6 |  7- 9 || total
---------------------------+-------+-------+-------++-------
  Melee: Hand axe          |    73 |   176 |   209 ||   458
         Kick              |    15 |    37 |    74 ||   126
         Tailslap          |     1 |    16 |    39 ||    56
         Headbutt          |       |     6 |    20 ||    26
         Punch             |       |       |     5 ||     5
  Evoke: Wand              |       |       |     1 ||     1
    Use: Potion            |       |     6 |     3 ||     9
         Scroll            |       |     2 |     6 ||     8
   Stab: Invisible         |       |     1 |       ||     1
         Distracted        |       |       |     1 ||     1
         Petrifying        |       |       |     1 ||     1
         Petrified         |       |       |     1 ||     1
 Armour: Leather armour    |    53 |     5 |       ||    58
         Scale mail        |       |   143 |   250 ||   393
         Skin              |       |    18 |       ||    18
  Dodge: Dodged            |    52 |    80 |   144 ||   276

Table legend: (Time is in decaauts)
 A = Elapsed time spent in this place.
 B = Non-inter-level travel time spent in this place.
 C = Inter-level travel time spent in this place.
 D = Time resting spent in this place.
 E = Time spent auto-exploring this place.
 F = Levels seen in this place.
 G = Mean time per level.
                   A        B        C        D        E       F      G
               +--------+--------+--------+--------+--------+-----+--------+
         Total |   4032 |   3893 |    139 |      0 |   2624 |   6 |  672.0 |
       Dungeon |   4032 |   3893 |    139 |      0 |   2624 |   6 |  672.0 |
               +--------+--------+--------+--------+--------+-----+--------+

Top non-repeatable levels by time:
     D:3: 826 daAuts
     D:2: 813 daAuts
     D:1: 704 daAuts
     D:5: 654 daAuts
     D:4: 634 daAuts
     D:6: 398 daAuts
